 Dungeon Crawl Stone Soup version 0.28.0-53-g5a82cb258f (webtiles) character file.

Game seed: 3742125677983072064

330862 MiltankisOP the Eclecticist (level 20, -32/161 HPs)
             Began as a Grey Draconian Conjurer on June 20, 2022.
             Was the Champion of Vehumet.
             Killed from afar by a tengu reaver (51 damage)
             ... with a bolt of lightning
             ... on level 5 of the Vaults.
             The game lasted 05:31:54 (51137 turns).

MiltankisOP the Eclecticist (DrCj)                 Turns: 51137, Time: 05:31:54

Health: -32/161    AC: 25    Str: 11    XL:     20   Next: 86%
Magic:  22/42      EV: 13    Int: 29    God:    Vehumet [******]
Gold:   1533       SH: 17    Dex: 12    Spells: 26/56 levels left

rFire   . . .      SeeInvis .   k - staff of conjuration
rCold   . . .      Faith    .   L - +5 kite shield {AC+3}
rNeg    + . .      Spirit   .   (armour unavailable)
rPois   +          Reflect  .   Q - +1 hat {Stlth+}
rElec   .          Harm     .   M - +2 ratskin cloak {*Rats rPois rN+ Str-1 Int-1 Dex+1}
rCorr   .          Rampage  .   p - +0 pair of gloves
Will    ++...                   N - +1 pair of boots
Stlth   +++.......              u - amulet of magic regeneration
HPRegen 0.36/turn               d - ring of willpower
MPRegen 0.68/turn               U - +6 ring of intelligence

@: studying Hexes
A: AC +15, amphibious, unfitting armour, cold-blooded
}: 2/15 runes: serpentine, barnacled
a: Renounce Religion


You were on level 5 of the Vaults.
You worshipped Vehumet.
Vehumet was exalted by your worship.
You visited 7 branches of the dungeon, and saw 37 of its levels.
You visited 1 bazaar.
You also visited: Sewer and Bailey.

You collected 4482 gold pieces.
You spent 2949 gold pieces at shops.

Inventory:

Hand Weapons
 W - the +4 war axe "Guihil" {freeze, Contam rElec rF++ SInv}
   (You took it off a deep elf demonologist on level 1 of the Vaults)

   It freezes those it strikes, dealing additional cold damage.
   It can also slow down cold-blooded creatures.
   rF:        It greatly protects you from fire.
   rElec:     It insulates you from electricity.
   SInv:      It lets you see invisible.
   Contam:    It causes magical contamination when unequipped.
Armour
 p - a +0 pair of gloves (worn)
 L - a +5 kite shield of protection (worn)
 M - the +2 ratskin cloak (worn) {*Rats rPois rN+ Str-1 Int-1 Dex+1}
   (You found it on level 1 of the Lair of Beasts)

   When the wearer is hurt, rats may emerge from it to assist them.
   Str:       It affects your strength (-1).
   Int:       It affects your intelligence (-1).
   Dex:       It affects your dexterity (+1).
   rPois:     It protects you from poison.
   rN:        It protects you from negative energy.
 N - a +1 pair of boots (worn)
 Q - a +1 hat of stealth (worn)
Magical Staves
 k - a staff of conjuration (weapon)
 o - a staff of earth
Jewellery
 d - a ring of willpower (left hand)
 e - an amulet of reflection
 m - the ring of Wuovaox {rF+ Str+4}
   (You took it off a vault sentinel on level 2 of the Vaults)

   [ring of protection from fire]

   Str:       It affects your strength (+4).
   rF:        It protects you from fire.
 n - the amulet of the Original Sin {Acrobat rN++ Regen+ Int+4}
   (You found it on level 4 of the Shoals)

   [amulet of the acrobat]

   It increases your evasion while moving and waiting.
   Int:       It affects your intelligence (+4).
   rN:        It greatly protects you from negative energy.
   Regen:     It increases your rate of health regeneration.
 t - a ring of protection from cold
 u - an amulet of magic regeneration (around neck)
 y - a ring of see invisible
 C - a ring of positive energy
 F - a ring of wizardry
 K - the ring of Miyton {rC+ Slay+3}
   (You found it on level 4 of the Shoals)

   [ring of protection from cold]

   Slay:      It affects your accuracy & damage with ranged weapons and melee
   (+3).
   rC:        It protects you from cold.
 U - a +6 ring of intelligence (right hand)
Wands
 z - a wand of acid (13)
 D - a wand of flame (48)
 E - a wand of mindburst (44)
 I - a wand of iceblast (22)
 S - a wand of polymorph (1)
Scrolls
 b - 7 scrolls of fear
 i - 8 scrolls of magic mapping
 j - 2 scrolls of summoning
 q - 15 scrolls of teleportation
 v - 2 scrolls of immolation
 A - 3 scrolls of amnesia
 G - 6 scrolls of vulnerability
 H - 4 scrolls of blinking
 J - a scroll of silence
 O - 4 scrolls of torment
 P - 3 scrolls of enchant weapon
 V - 4 scrolls of fog
 X - 12 scrolls of identify
 Z - a scroll of holy word
Potions
 a - 7 potions of attraction
 c - 5 potions of mutation
 g - 15 potions of curing
 h - 3 potions of lignification
 l - 4 potions of haste
 r - 4 potions of might
 s - 8 potions of flight
 w - 4 potions of magic
 x - 7 potions of brilliance
 B - 3 potions of cancellation
 R - 5 potions of resistance
 T - 10 potions of ambrosia
 Y - 2 potions of berserk rage


   Skills:
 - Level 10.0 Fighting
 - Level 7.0 Dodging
 - Level 1.7 Stealth
 - Level 14.0 Shields
 + Level 18.5 Spellcasting
 - Level 15.1 Conjurations
 - Level 6.6 Hexes
 - Level 13.0 Transmutations
 - Level 6.0 Fire Magic
 - Level 15.0 Ice Magic
 - Level 5.0 Air Magic
 - Level 15.0 Earth Magic


You had 26 spell levels left.
You knew the following spells:

 Your Spells              Type           Power      Damage    Failure   Level
a - Magic Dart            Conj           100%       1d8       0%          1
b - Searing Ray           Conj           100%       2d8       0%          2
c - Fulminant Prism       Conj/Hex       47%        3d21      1%          4
d - Freezing Cloud        Conj/Ice/Air   48%        6-21      1%          5
e - Ozocubu's Refrigerat  Ice            42%        4d13      1%          7
f - Iskenderun's Mystic   Conj/Tloc      82%        2d16      1%          4
g - Orb of Destruction    Conj           53%        9d13      1%          7

Your spell library contained the following spells:

 Spells                   Type           Power      Damage    Failure   Level
 Polar Vortex             Ice            42%        N/A       80%         9
 Chain Lightning          Conj/Air       45%        3d60      100%        9
 Fire Storm               Conj/Fire      46%        8d12      100%        9
 Foxfire                  Conj/Fire      100%       2x1d9     1%          1
 Sting                    Tmut/Pois      100%       1d8       1%          1
 Corpse Rot               Necr/Air       82%        N/A       1%          2
 Poisonous Vapours        Pois/Air       82%        N/A       1%          2
 Scorch                   Fire           100%       2d10      1%          2
 Static Discharge         Conj/Air       91%        N/A       1%          2
 Dazzling Flash           Conj/Hex       100%       N/A       1%          3
 Inner Flame              Hex/Fire       59%        N/A       1%          3
 Tukima's Dance           Hex            60%        N/A       1%          3
 Cause Fear               Hex            30%        N/A       1%          4
 Leda's Liquefaction      Hex/Erth       37%        N/A       1%          4
 Sticky Flame             Conj/Fire      93%        2d10      1%          4
 Blade Hands              Tmut           40%        N/A       1%          5
 Fireball                 Conj/Fire      46%        3d18      1%          5
 Lee's Rapid Deconstruct  Erth           42%        3d22*     1%          5
 Lightning Bolt           Conj/Air       45%        1d65      1%          5
 Yara's Violent Unravell  Hex/Tmut       35%        3d14      1%          5
 Conjure Ball Lightning   Conj/Air       45%        3x3d16    1%          6
 Iron Shot                Conj/Erth      53%        9d10      1%          6
 Starburst                Conj/Fire      46%        6d13      1%          6
 Statue Form              Tmut/Erth      55%        N/A       1%          6
 Summon Guardian Golem    Hex/Summ       46%        N/A       2%          3
 Animate Skeleton         Necr           52%        N/A       3%          1
 Apportation              Tloc           52%        N/A       3%          1
 Pain                     Necr           100%       1d9       3%          1
 Borgnjor's Vile Clutch   Necr/Erth      31%        N/A       3%          5
 Alistair's Intoxication  Tmut/Pois      39%        N/A       5%          5
 Anguish                  Hex/Necr       23%        N/A       8%          4
 Olgreb's Toxic Radiance  Pois           26%        N/A       8%          4
 Silence                  Hex/Air        28%        N/A       8%          5
 Gell's Gravitas          Tloc           26%        N/A       9%          3
 Teleport Other           Tloc           26%        N/A       9%          3
 Vampiric Draining        Necr           26%        2d7       9%          3
 Eringya's Noxious Bog    Tmut/Pois      29%        N/A       9%          6
 Dragon Form              Tmut           40%        N/A       12%         7
 Simulacrum               Ice/Necr       31%        N/A       21%         6
 Animate Dead             Necr           13%        N/A       28%         4
 Dispel Undead            Necr           26%        3d13      28%         4
 Passage of Golubria      Tloc           26%        N/A       28%         4
 Manifold Assault         Tloc           26%        N/A       63%         5
 Summon Forest            Summ/Tloc      13%        N/A       63%         5
 Enfeeble                 Hex            30%        N/A       85%         7
 Ignition                 Fire           28%        3d9       97%         8
 Death Channel            Necr           13%        N/A       99%         6
 Dispersal                Tloc           13%        N/A       99%         6
 Maxwell's Capacitive Co  Air            27%        ∞         99%         8
 Summon Hydra             Summ           13%        N/A       100%        7
 Borgnjor's Revivificati  Necr           13%        N/A       100%        8
 Discord                  Hex            30%        N/A       100%        8
 Disjunction              Tloc           13%        N/A       100%        8
 Necromutation            Tmut/Necr      29%        N/A       100%        8
 Death's Door             Necr           13%        N/A       100%        9
 Dragon's Call            Summ           13%        N/A       100%        9
 Animate Armour           Summ/Erth      Unusable   N/A       N/A         4

Dungeon Overview and Level Annotations

Branches:
Dungeon (15/15)            Temple (1/1) D:4            Lair (6/6) D:11
 Shoals (4/4) Lair:4        Snake (4/4) Lair:4        Slime (0/5) Lair:6
    Orc (2/2) D:10            Elf (0/3) Orc:2        Vaults (5/5) D:13
  Crypt (0/3) Vaults:2     Depths (0/4) D:15          Sewer (visited)
 Bailey (visited)

Altars:
Ashenzari
Cheibriados
Dithmenos
Elyvilon
Fedhas
Gozag
Hepliaklqana
Kikubaaqudgha
Makhleb
Nemelex Xobeh
Okawaru
Qazlal
Ru
Sif Muna
Trog
Uskayaw
Vehumet
Wu Jian
Xom
Yredelemnul
Zin
The Shining One
Beogh
Lugonu

Shops:
D:2 (   D:9 ?   D:10 [   Orc:2 :*[[   Shoals:1 [   Snake:1 *   Snake:2 :==*=([
Vaults:1 (   Vaults:2 ?   Vaults:3 [

Portals:
Abyss: Shoals:2

Annotations:
D:15 2 transporters, MiltankisOP's ghost, journeyman DsAK
Lair:6 1 runed translucent door
Shoals:2 1 runed translucent door
Snake:4 1 runed translucent door, Kicir's ghost, adept GnFi


Innate Abilities, Weirdness & Mutations

Your dull iron-grey scales are very hard. (AC +15)
You are amphibious.
You cannot fit into any form of body armour.
You are cold-blooded and may be slowed by cold attacks.


Message History

Your tengu reaver pecks the fire giant but does no damage.
Your tengu reaver claws the fire giant but does no damage.
The titan is engulfed in freezing vapours.
Blink to where?
Press: ? - help, Q - select action, (/) - cycle Dir - move target, p - fire giant
As you read the scroll of blinking, it crumbles to dust.
The fire giant is engulfed in freezing vapours.
You kill the fire giant!
Vehumet accepts your kill.
The tengu reaver is engulfed in freezing vapours.
The tengu reaver gestures at you while chanting.
The bolt of poison hits you!
You are poisoned.
You resist.
* * * LOW HITPOINT WARNING * * *
The titan is engulfed in freezing vapours.
Your tengu reaver hits the tengu reaver with a +2 long sword!!
The tengu reaver blocks your tengu reaver's attack.
Your tengu reaver claws the tengu reaver.
Your life force feels restored.
You feel better.
The titan is engulfed in freezing vapours.
The tengu reaver is engulfed in freezing vapours.
The tengu reaver points at your tengu reaver and mumbles some strange words.
The bolt of lightning hits your tengu reaver!!
Your tengu reaver misses the tengu reaver.
Your tengu reaver pecks the tengu reaver.
The tengu reaver blocks your tengu reaver's attack.
Casting: Freezing Cloud (mildly dangerous; 1% risk of failure)
Confirm with . or Enter, or press ? or * to list all spells.
You feel a surge of power!
You erupt in a blast of force!
The mystic blast hits the titan.
The titan is heavily wounded.
Your tengu reaver dissolves into shadows!
The tengu reaver is engulfed in freezing vapours.
The tengu reaver shouts!
The tengu reaver gestures at you while chanting.
The bolt of lightning hits the titan.
The titan completely resists.
The bolt of lightning hits you!!!
You die...

.#. #( . #. . $# #.. #.#
#...
.###################....
)..........§§§§§§.......
....(.....§§§§§§§.......
.........§)Q§§§§§....)..
..........§§§§.C@.......
######################..
. ## #


You could see a titan and a tengu reaver.

Vanquished Creatures
  Bai Suzhen (Vaults:2)
  Vashnia (Snake:4)
  Rupert (Orc:2)
  Jorgrun (Orc:2)
  Mlioglotl (Shoals:3)
  A tentacled monstrosity (Vaults:5)
  A quicksilver dragon (Vaults:2)
  A kraken (Shoals:1)
  3 sphinxes (Vaults:1)
  Gastronok (Lair:3)
  Frances (D:13)
  A tengu reaver (Vaults:1)
  4 nagarajas
  2 shadow dragons
  2 fire giants
  Kirke (Shoals:1)
  Louise (Shoals:1)
  8 vault wardens
  Aizul (Snake:4)
  A deep elf sorcerer (Vaults:1)
  14 ironbound preservers
  A broodmother (shapeshifter) (Vaults:1)
  7 ironbound thunderhulks
  3 stone giants
  3 war gargoyles
  5 very ugly things
  A vampire knight (Vaults:2)
  2 deep elf demonologists (Vaults:1)
  4 dire elephants (Vaults:2)
  2 entropy weavers (Vaults:2)
  Snorg (Orc:1)
  2 deep elf death magi
  7 merfolk impalers
  3 ettins
  A fire dragon (Lair:6)
  Josephine (Shoals:1)
  2 deep elf high priests
  4 great orbs of eyes
  30 vault guards
  13 yaktaur captains
  18 naga warriors
  7 hydras
  An ice dragon (D:15)
  2 peacekeepers (Vaults:2)
  7 salamander tyrants
  3 boulder beetles
  24 centaur warriors
  5 merfolk avatars
  A catoblepas (D:15)
  4 ironbound frosthearts
  4 anacondas
  3 satyrs
  A two-headed ogre (shapeshifter) (Vaults:1)
  2 ogre magi
  A death knight (Vaults:2)
  A tengu warrior (D:15)
  2 alligator snapping turtles
  8 two-headed ogres
  4 merfolk aquamancers
  12 naga sharpshooters
  4 shock serpents
  Nergalle (D:10)
  4 hell knights (Vaults:4)
  An orc high priest (Orc:1)
  5 salamander mystics
  3 skeletal warriors (D:13)
  48 deep trolls
  9 naga ritualists
  14 sea snakes
  10 wizards
  A swamp dragon (Lair:6)
  4 necromancers (Vaults:4)
  7 lindwurms
  10 ironbound convokers
  5 phantasmal warriors
  8 orc knights
  6 mana vipers
  5 deep elf zephyrmancers (Orc:1)
  3 deep elf pyromancers (Orc:1)
  19 harpies
  8 orc sorcerers
  33 ugly things
  A mana viper (shapeshifter) (D:13)
  19 manticores
  9 fauns
  14 cyclopes
  16 salamanders
  9 merfolk sirens
  31 black mambas
  A moth of wrath (shapeshifter) (D:13)
  6 water nymphs
  3 guardian serpents
  16 elephants
  20 naga magi
  12 cane toads
  2 apocalypse crabs (Shoals:2)
  A guardian serpent (shapeshifter) (D:15)
  22 vault sentinels
  An ice statue (Snake:1)
  7 torpor snails (Lair:6)
  An unseen horror (D:12)
  A rime drake (shapeshifter) (D:13)
  2 efreet
  A rime drake (Lair:6)
  Maggie (Lair:1)
  11 komodo dragons
  8 yaktaurs
  7 trolls
  A tengu conjurer (D:14)
  A queen bee (Lair:5)
  2 polar bears
  4 meliai
  7 hornets
  29 merfolk
  3 tyrant leeches (Lair:6)
  A tarantella (Vaults:2)
  Prince Ribbit (D:9)
  11 snapping turtles
  19 blink frogs
  4 wind drakes
  35 slime creatures
  A meliai zombie (D:11)
  10 dream sheep
  A culicivora (shapeshifter) (D:13)
  A vampire (D:11)
  A shadow (D:12)
  7 wraiths
  9 water elementals
  Eustachio (D:5)
  7 basilisks
  2 hogs (Shoals:1)
  3 wyverns
  35 yaks
  3 steam dragons
  2 redbacks (Vaults:2)
  12 wargs
  Grum (D:8)
  6 vampire mosquitoes
  40 nagas
  A harpy simulacrum (D:15)
  3 acid dragons
  22 water moccasins
  Duvessa (D:7)
  2 swamp drakes (Lair:6)
  An ice beast (D:6)
  3 black bears
  27 orc warriors
  5 necrophages
  11 wolves
  11 ogres
  11 centaurs
  A phantom (D:7)
  A wyvern zombie (D:8)
  8 kobold brigands
  2 gnoll sergeants
  14 bullfrogs
  A scorpion (D:5)
  Dowan (D:7)
  31 killer bees
  A hornet simulacrum (D:14)
  23 wights
  12 centaur zombies
  11 orc priests
  3 hounds
  6 jellies
  3 bullfrog skeletons
  A human zombie (D:9)
  A centaur skeleton (D:5)
  45 orc wizards
  10 iguanas
  2 killer bee zombies
  5 howler monkey zombies (D:9)
  12 gnolls
  A howler monkey skeleton (D:7)
  5 river rats (Sewer)
  7 adders
  13 white imps
  An ufetubus (D:6)
  3 worms
  A dart slug (D:4)
  89 orcs
  11 endoplasms
  4 giant cockroaches
  9 hobgoblins
  2 jackals (Sewer)
  24 kobolds
  3 quokkas
  12 ball pythons
  12 bats
  5 frilled lizards
  7 goblins
  3 rats (D:2)
  A spectral hobgoblin (D:1)
  A bush (Lair:6)
  5 starspawn tentacles (Shoals:3)
  4 tentacles (Shoals:1)
1455 creatures vanquished.

Vanquished Creatures (collateral kills)
  A fire dragon (D:15)
1 creature vanquished.

Vanquished Creatures (others)
  A yak (Lair:6)
  An orc wizard (D:2)
  178 fulminant prisms
  38 fungi
  233 plants
  8 starspawn tentacles (Shoals:3)
  4 tentacles (Shoals:1)
  2 withered plants (Snake:4)
465 creatures vanquished.

Grand Total: 1921 creatures vanquished

Notes
Turn   | Place    | Note
-------+----------+-------------------------------------------
     0 | D:1      | MiltankisOP the Draconian Conjurer began the quest for the
                  | Orb.
     0 | D:1      | Reached XP level 1. HP: 14/14 MP: 3/3
   318 | D:1      | Reached XP level 2. HP: 20/20 MP: 3/5
   781 | D:1      | Found a faded altar of an unknown god.
  1379 | D:2      | Reached skill level 5 in Conjurations
  1379 | D:2      | Reached XP level 3. HP: 26/26 MP: 1/6
  1587 | D:1      | Reached XP level 4. HP: 4/33 MP: 2/7
  2306 | D:2      | Found Miadgh's Weapon Emporium.
  2621 | D:3      | Found an iron altar of Okawaru.
  2828 | D:3      | Learned a level 2 spell: Searing Ray
  3470 | D:4      | Found a staircase to the Ecumenical Temple.
  3488 | Temple   | Entered the Ecumenical Temple
  3813 | D:4      | Reached skill level 3 in Spellcasting
  3813 | D:4      | Reached XP level 5. HP: 38/38 MP: 3/9
  3951 | D:4      | Identified the +9 hunting sling "Qewnuz" {freeze, Int+3}
  3952 | D:4      | Found a glowing golden altar of the Shining One.
  4460 | D:5      | Entered Level 5 of the Dungeon
  4552 | D:5      | Noticed Eustachio
  4560 | D:5      | Killed Eustachio
  4561 | D:5      | Reached skill level 4 in Spellcasting
  4561 | D:5      | Reached XP level 6. HP: 43/45 MP: 1/13
  4575 | D:5      | Reached skill level 5 in Spellcasting
  4712 | D:5      | Found a glowing drain.
  4813 | Sewer    | Entered a sewer
  5771 | Sewer    | Your scales start taking on a dull iron-grey colour.
  5771 | Sewer    | Reached XP level 7. HP: 50/50 MP: 12/15
  5839 | D:5      | Reached skill level 6 in Spellcasting
  5839 | D:5      | Reached skill level 1 in Fighting
  5982 | D:5      | Found a radiant altar of Vehumet.
  5994 | D:5      | Became a worshipper of Vehumet
  6881 | D:6      | Reached skill level 5 in Fighting
  6884 | D:6      | Reached XP level 8. HP: 64/69 MP: 12/17
  6919 | D:6      | Got the Volume of the Fiery Glacier
  7340 | D:6      | Got the Disquisition on Spatial Flames
  7537 | D:7      | Reached * piety under Vehumet
  7537 | D:7      | Offered knowledge of Freeze by Vehumet.
  7553 | D:7      | Found a sacrificial altar of Ru.
  7754 | D:7      | Reached skill level 5 in Dodging
  7754 | D:7      | Reached XP level 9. HP: 77/81 MP: 12/18
  8022 | D:7      | Noticed Duvessa
  8022 | D:7      | Noticed Dowan
  8039 | D:7      | Killed Duvessa
  8075 | D:7      | Killed Dowan
  8178 | D:7      | Found a sparkling altar of Nemelex Xobeh.
  8253 | D:7      | Reached skill level 1 in Hexes
  8848 | D:8      | Reached skill level 5 in Hexes
  9096 | D:8      | Offered knowledge of Shock by Vehumet.
  9102 | D:8      | Learned a level 4 spell: Fulminant Prism
  9166 | D:8      | Found a flagged portal.
  9168 | D:8      | Reached ** piety under Vehumet
  9175 | Bailey   | Entered a bailey
  9352 | Bailey   | Reached XP level 10. HP: 78/88 MP: 10/19
  9352 | Bailey   | Noticed an orc knight
  9363 | Bailey   | Killed an orc knight
  9363 | Bailey   | Offered knowledge of Static Discharge by Vehumet.
  9423 | Bailey   | Found a bloodstained altar of Trog.
  9434 | Bailey   | Identified the +3 flail of Taxation {pain, rF- rCorr Int+4}
  9553 | D:8      | Noticed Grum
  9559 | D:8      | Killed Grum
  9673 | D:9      | Noticed a two-headed ogre
  9674 | D:9      | Reached *** piety under Vehumet
  9685 | D:9      | Killed a two-headed ogre
  9686 | D:9      | Reached skill level 10 in Conjurations
 10041 | D:9      | Noticed Prince Ribbit
 10046 | D:9      | Killed Prince Ribbit
 10059 | D:9      | Noticed a two-headed ogre
 10066 | D:9      | Killed a two-headed ogre
 10103 | D:9      | Found Qowneguli's Magic Scroll Emporium.
 10112 | D:9      | Bought a scroll of vulnerability for 90 gold pieces
 10112 | D:9      | Bought a scroll of teleportation for 36 gold pieces
 10112 | D:9      | Bought a scroll of identify for 24 gold pieces
 10121 | D:9      | Noticed a two-headed ogre
 10128 | D:9      | Killed a two-headed ogre
 10129 | D:9      | Reached XP level 11. HP: 94/94 MP: 11/20
 10133 | D:9      | Offered knowledge of Inner Flame by Vehumet.
 10533 | D:9      | Found an ancient bone altar of Kikubaaqudgha.
 10620 | D:10     | Entered Level 10 of the Dungeon
 10666 | D:10     | Reached **** piety under Vehumet
 10724 | D:10     | Noticed a two-headed ogre
 10729 | D:10     | Killed a two-headed ogre
 10844 | D:10     | Found a basalt altar of Yredelemnul.
 10861 | D:10     | Offered knowledge of Airstrike by Vehumet.
 10865 | D:10     | Noticed Nergalle
 10876 | D:10     | Killed Nergalle
 10968 | D:10     | Found Cheibriados's Comfort Zone.
 10968 | D:10     | Found a snail-covered altar of Cheibriados.
 11238 | D:10     | Paralysed by a hornet for 1 turns
 11610 | D:10     | You fall into a shaft and drop 2 floors!
 11667 | D:12     | Noticed a white ugly thing
 12146 | D:11     | Noticed a two-headed ogre
 12148 | D:11     | Killed a two-headed ogre
 12149 | D:11     | Reached skill level 15 in Conjurations
 12149 | D:11     | Reached XP level 12. HP: 101/101 MP: 15/21
 12226 | D:11     | Noticed a five-headed hydra
 12241 | D:11     | Killed a five-headed hydra
 12472 | D:10     | Found a staircase to the Orcish Mines.
 12578 | D:11     | Reached ***** piety under Vehumet
 12604 | D:11     | Noticed a two-headed ogre
 12615 | D:11     | Killed a two-headed ogre
 12952 | D:11     | Offered knowledge of Freezing Cloud by Vehumet.
 13070 | D:11     | Learned a level 5 spell: Freezing Cloud
 13152 | D:11     | Reached skill level 5 in Fire Magic
 13298 | D:11     | Found a staircase to the Lair.
 13507 | D:11     | Found the +7 staff of the Meek {protect, meekguard}
 13800 | Lair:1   | Entered Level 1 of the Lair of Beasts
 13874 | Lair:1   | Reached skill level 1 in Ice Magic
 13878 | Lair:1   | Reached skill level 1 in Air Magic
 14200 | Lair:1   | Found the +2 ratskin cloak {*Rats rPois rN+ Str-1 Int-1
                  | Dex+1}
 14383 | Lair:1   | Noticed Maggie
 14393 | Lair:1   | Killed Maggie
 14502 | Lair:1   | Noticed a six-headed hydra
 14517 | Lair:1   | Killed a six-headed hydra
 14892 | Lair:2   | Reached skill level 5 in Ice Magic
 15021 | Lair:2   | Reached XP level 13. HP: 91/107 MP: 22/22
 15409 | Lair:2   | Reached skill level 5 in Air Magic
 15809 | Lair:3   | Noticed Gastronok
 15818 | Lair:3   | Killed Gastronok
 15833 | Lair:3   | Reached skill level 7 in Spellcasting
 17133 | Lair:4   | Found a staircase to the Shoals.
 17159 | Lair:4   | Reached skill level 8 in Spellcasting
 17482 | Lair:4   | Found a staircase to the Snake Pit.
 18119 | Lair:5   | Reached skill level 9 in Spellcasting
 18130 | Lair:5   | Offered knowledge of Yara's Violent Unravelling by Vehumet.
 18396 | Lair:5   | Reached skill level 10 in Spellcasting
 18979 | Lair:5   | Reached skill level 11 in Spellcasting
 19381 | Lair:5   | Found a hide-covered altar of Uskayaw.
 19750 | Lair:6   | Entered Level 6 of the Lair of Beasts
 19958 | Lair:6   | Reached XP level 14. HP: 115/115 MP: 10/29
 20030 | Lair:6   | Reached skill level 12 in Spellcasting
 20145 | Lair:6   | Offered knowledge of Ozocubu's Refrigeration by Vehumet.
 20348 | Lair:6   | Found a staircase to the Slime Pits.
 20589 | Lair:6   | Found a runed translucent door.
 20670 | Lair:6   | Reached skill level 13 in Spellcasting
 20692 | Lair:6   | Learned a level 7 spell: Ozocubu's Refrigeration
 20965 | Lair:6   | Learned a level 4 spell: Iskenderun's Mystic Blast
 21853 | Orc:1    | Entered Level 1 of the Orcish Mines
 21877 | Orc:1    | Noticed Snorg
 21884 | Orc:1    | Killed Snorg
 22161 | Orc:1    | Offered knowledge of Iskenderun's Battlesphere by Vehumet.
 22180 | Orc:1    | Reached skill level 10 in Ice Magic
 22521 | Orc:2    | Entered Level 2 of the Orcish Mines
 22547 | Orc:2    | Noticed Rupert
 22558 | Orc:2    | Killed Rupert
 23066 | Orc:2    | Reached XP level 15. HP: 121/121 MP: 25/32
 23230 | Orc:2    | Offered knowledge of Orb of Destruction by Vehumet.
 23233 | Orc:2    | Noticed Jorgrun
 23243 | Orc:2    | Killed Jorgrun
 23258 | Orc:2    | Reached ****** piety under Vehumet
 23449 | Orc:2    | Found Napheqot's Armour Emporium.
 23449 | Orc:2    | Found Kujajoe's Antique Armour Boutique.
 23609 | Orc:2    | Found a staircase to the Elven Halls.
 23737 | Orc:2    | Found Ceteoruz's Book Boutique.
 23737 | Orc:2    | Found Qireudgha's Assorted Antiques.
 23756 | Orc:2    | Bought a scroll of identify for 46 gold pieces
 23756 | Orc:2    | Bought a scroll of identify for 46 gold pieces
 23756 | Orc:2    | Bought a scroll labelled QOEMMONUEF for 23 gold pieces
 24920 | D:13     | Identified the +4 long sword of Haejir {speed, Dex+4}
 25168 | D:13     | Learned a level 7 spell: Orb of Destruction
 25368 | D:13     | Noticed Frances
 25685 | D:13     | Found a gate to the Vaults.
 25728 | D:13     | Killed Frances
 25800 | D:13     | Found an iron altar of Okawaru.
 26541 | D:14     | Offered knowledge of Lee's Rapid Deconstruction by Vehumet.
 27299 | D:15     | Entered Level 15 of the Dungeon
 28182 | D:15     | Found a transporter.
 28185 | D:15     | Found a transporter.
 28186 | D:15     | Noticed MiltankisOP's ghost (journeyman DsAK)
 28224 | D:15     | Reached skill level 15 in Ice Magic
 28834 | D:15     | Found a staircase to the Depths.
 29394 | Snake:1  | Entered Level 1 of the Snake Pit
 29438 | Snake:1  | Found Tatigh's Assorted Antiques.
 29448 | Snake:1  | Bought 2 scrolls of identify for 180 gold pieces
 30235 | Snake:1  | Offered knowledge of Maxwell's Capacitive Coupling by
                  | Vehumet.
 30236 | Snake:1  | Reached skill level 1 in Shields
 30823 | Snake:1  | Reached XP level 16. HP: 134/134 MP: 17/33
 30846 | Snake:1  | Reached skill level 10 in Fighting
 31081 | Snake:1  | Found a gateway to a bazaar.
 31107 | Bazaar   | Entered a bazaar
 31126 | Bazaar   | Found Qiuhafeo's Distillery.
 31139 | Bazaar   | Found Hogiedir's General Store.
 31139 | Bazaar   | Found Kamox's Book Shop.
 31166 | Bazaar   | Found Qyngoted's Assorted Antiques.
 31202 | Bazaar   | Bought a potion of curing for 75 gold pieces
 31215 | Bazaar   | Bought a potion of mutation for 80 gold pieces
 31215 | Bazaar   | Bought a potion of curing for 30 gold pieces
 31215 | Bazaar   | Bought a potion of haste for 100 gold pieces
 31215 | Bazaar   | Bought a potion of curing for 30 gold pieces
 31215 | Bazaar   | Bought a potion of resistance for 100 gold pieces
 31238 | Bazaar   | Bought a book of Unlife for 324 gold pieces
 31238 | Bazaar   | Bought Gaxziz's Reference Book on Fetching Unholy Rites for
                  | 414 gold pieces
 31238 | Bazaar   | Bought a book of the Dragon for 414 gold pieces
 31434 | Snake:2  | Found Vaptet's Jewellery Shop.
 31435 | Snake:2  | Found Sonau's Book Shoppe.
 31437 | Snake:2  | Found Colyawnaqil's Jewellery Shop.
 31444 | Snake:2  | Bought a book of the Earth for 612 gold pieces
 31913 | Snake:2  | Found Giviarchy's General Store.
 31915 | Snake:2  | Found Madinob's Weapon Boutique.
 31920 | Snake:2  | Found Meesch's Jewellery Boutique.
 31920 | Snake:2  | Found Miasymm's Armour Emporium.
 31932 | Snake:2  | Reached skill level 5 in Shields
 33021 | Snake:3  | Found a bloodstained altar of Trog.
 34053 | Snake:3  | Reached skill level 10 in Shields
 34386 | Snake:4  | Entered Level 4 of the Snake Pit
 34885 | Snake:4  | Found a runed translucent door.
 34885 | Snake:4  | Noticed Kicir's ghost (adept GnFi)
 34893 | Snake:4  | Noticed Vashnia
 34929 | Snake:4  | Killed Vashnia
 35387 | Snake:4  | Noticed Aizul
 35392 | Snake:4  | Killed Aizul
 35441 | Snake:4  | Reached XP level 17. HP: 25/140 MP: 9/34
 35948 | Snake:4  | Offered knowledge of Fire Storm by Vehumet.
 35948 | Snake:4  | Offered knowledge of Chain Lightning by Vehumet.
 35948 | Snake:4  | Offered knowledge of Polar Vortex by Vehumet.
 36253 | Snake:4  | Got a serpentine rune of Zot
 36522 | Snake:4  | Reached skill level 1 in Earth Magic
 36524 | Snake:4  | Reached skill level 1 in Transmutations
 36828 | Snake:2  | Bought a ring of willpower for 325 gold pieces
 36909 | Shoals:1 | Entered Level 1 of the Shoals
 37103 | Shoals:1 | Found Puisu's Armour Emporium.
 37219 | Shoals:1 | Noticed Josephine
 37224 | Shoals:1 | Killed Josephine
 37332 | Shoals:1 | Noticed Kirke
 37336 | Shoals:1 | Killed Kirke
 37594 | Shoals:1 | Reached skill level 5 in Earth Magic
 37882 | Shoals:1 | Reached skill level 5 in Transmutations
 38196 | Shoals:1 | Noticed Louise
 38206 | Shoals:1 | Killed Louise
 38534 | Shoals:1 | Noticed a kraken
 38578 | Shoals:1 | Killed a kraken
 39112 | Shoals:2 | Found a runed translucent door.
 39168 | Shoals:2 | Found a corrupted altar of Lugonu.
 39168 | Shoals:2 | Found a one-way gate to the infinite horrors of the Abyss.
 39704 | Shoals:3 | Reached XP level 18. HP: 128/147 MP: 25/35
 40430 | Shoals:3 | Noticed Mlioglotl
 40498 | Shoals:3 | Killed Mlioglotl
 40926 | Shoals:4 | Entered Level 4 of the Shoals
 41335 | Shoals:4 | Reached skill level 10 in Earth Magic
 41743 | Shoals:4 | Identified the ring of Miyton {rC+ Slay+3}
 41996 | Shoals:4 | Got a barnacled rune of Zot
 42412 | Shoals:4 | Identified the amulet of the Original Sin {Acrobat rN++
                  | Regen+ Int+4}
 42772 | Vaults:1 | Entered Level 1 of the Vaults
 43037 | Vaults:1 | Reached skill level 10 in Transmutations
 43141 | Vaults:1 | Found Juto Lur's Weapon Boutique.
 43931 | Vaults:1 | Identified the +4 war axe "Guihil" {freeze, Contam rElec
                  | rF++ SInv}
 43934 | Vaults:1 | Found the +9 heavy crossbow "Sniper" {vorpal, Acc+∞ SInv}
 43980 | Vaults:1 | Reached XP level 19. HP: 113/154 MP: 9/36
 45328 | Vaults:2 | Identified the ring of Wuovaox {rF+ Str+4}
 45870 | Vaults:2 | Reached skill level 15 in Earth Magic
 45925 | Vaults:2 | Noticed Bai Suzhen
 46547 | Vaults:2 | Killed Bai Suzhen
 47319 | Vaults:2 | Found Onomeut's Magic Scroll Shop.
 47593 | Vaults:2 | Found a staircase to the Crypt.
 47792 | Vaults:3 | Reached skill level 14 in Spellcasting
 48241 | Vaults:3 | Found Hefuts's Antique Armour Emporium.
 49374 | Vaults:4 | Reached skill level 15 in Spellcasting
 49489 | Vaults:4 | Reached XP level 20. HP: 161/161 MP: 21/39
 49959 | Vaults:4 | Reached skill level 16 in Spellcasting
 50118 | Vaults:4 | Identified the +6 spear of Brawling {antimagic, rN+}
 50477 | Vaults:4 | Reached skill level 17 in Spellcasting
 50978 | Vaults:5 | Entered Level 5 of the Vaults
 50983 | Vaults:5 | Reached skill level 18 in Spellcasting
 51137 | Vaults:5 | Killed from afar by a tengu reaver

Illustrated notes

Levels and vault maps discovered:
D:1:      dpeg_arrival_yet_another_circle, layout_basic,
          dreamdust_ecumenical_altar_drowned_temple
D:2:      layout_rooms, serial_shops, nicolae_shop_bloodbath_and_beyond
D:3:      layout_loops_ring, mainiacjoe_overflow_boulevard
D:4:      layout_rooms, mainiacjoe_overflow_surrounded_room,
          minmay_temple_entry_statues_fountains, minmay_quantized
D:5:      layout_basic, nicolae_vehumet_altar_sigil, gup_sewer_entry_glass,
          chequers_serial_rivers_room_b, chequers_arboretum, uniq_eustachio
D:6:      layout_cave_pools, minmay_misc_feat_cross
D:7:      layout_basic, mainiacjoe_overflow_alcove_1,
          mainiacjoe_overflow_brackets, minmay_manual_mess, uniq_duvessa
D:8:      layout_loops_ring, enter_bailey_7, uniq_grum
D:9:      layout_cave_pools, lemuel_mausoleum_altar_kikubaaqudgha, serial_shops,
          shop_scrolls, serial_column_ruins, column_ruins_grid_3,
          column_ruins_columns_dead_end, column_ruins_corridor_plus,
          column_ruins_open_small, column_ruins_open_small_water,
          uniq_prince_ribbit1
D:10:     layout_stronghold, general_overflow_altar, david_orc_4,
          minmay_shop_chei, uniq_nergalle
D:11:     layout_loops_corners, david_lair_shrubbed, portal_ice_cave_entry_imps
D:12:     layout_stronghold
D:13:     layout_loops_ring, david_vaults_2, kennysheep_okawaru_gauntlet,
          uniq_frances
D:14:     layout_stronghold, gauntlet_entry_generic
D:15:     grunt_enter_depths_hoard, layout_rooms, nzn_ghost_randoct,
          serial_bayou, serial_bayou_pond_b, serial_bayou_crossing,
          serial_bayou_pond_b, serial_bayou_lagoon_a,
          chequers_serial_rivers_small_a, hangedman_abyss_or_decor_slice
Temple:   regret_index_temple_generic_petals
Lair:1:   layout_long_grid, st_stairs_7, grunt_megastairs_5, uniq_maggie
Lair:2:   hellmonk_warped_wall, layout_regular_city,
          hangedman_lair_unloving_vines
Lair:3:   layout_cave_pods, serial_bayou_shore_b, uniq_gastronok
Lair:4:   layout_small_grid, minmay_shoals_entry_hut,
          minmay_snake_entry_six_corridors, serial_bayou_pond_d
Lair:5:   layout_cave_pods, basic_altar, special_room [special_room_bee],
          grunt_megastairs_1, serial_bayou_shore_b
Lair:6:   wormcave, layout_hall_layers, guppyfry_lair_end_dragon,
          nicolae_slime_entry_slimehenge, nicolae_lair_grazing_beasts
          [nicolae_sub_lair_graze_edge, nicolae_sub_lair_graze_edge,
          nicolae_sub_lair_graze_edge, nicolae_sub_lair_graze_edge],
          grunt_megastairs_2, infiniplex_staircase_pool
Shoals:1: layout_shoals, serial_shops, nicolae_shop_crystal, st_cyclops,
          uniq_kirke, uniq_josephine, uniq_louise
Shoals:2: cheibrodos_shoals_roost, layout_shoals,
          nicolae_shoals_abyss_on_the_beach
Shoals:3: layout_shoals, uniq_mlioglotl
Shoals:4: shoals_end_grunt_ice, layout_shoals
Snake:1:  layout_gridlike, serial_shops, statue_bzr, nicolae_diamond_shop,
          nicolae_snake_gridmaze_squiggle, grunt_megastairs_4
Snake:2:  layout_concentric_octagons, nicolae_snake_serpentine_bazaar,
          minmay_shop_grove
Snake:3:  layout_cave_town, basic_altar
Snake:4:  snake_pit, layout_basic, gammafunk_ghost_grave, drop_trap, uniq_aizul,
          uniq_vashnia
Orc:1:    layout_caves, basic_altar, mumra_transporter_accident,
          elves_outpost_lemuel, uniq_snorg
Orc:2:    st_orc_town, layout_caves, basic_altar, uniq_jorgrun, uniq_rupert
Vaults:1: hangedman_vaults_corner_blocks, vaults_mumra_chevron,
          nicolae_vaults_shelves_hall, minmay_guarded_unrand_secular_launcher,
          v_misc_16, grunt_vaults_hallway_long, ontoclasm_vaults_gateway,
          v_alt_pattern_1, hangedman_vaults_trim, layout_vaults_big_room,
          serial_shops, nicolae_shop_waterfront
Vaults:2: portal_desolation_entry_twin_temple, st_octagons_1,
          nicolae_vaults_alarming, v_pattern_5, vaults_mumra_minichess,
          nicolae_vaults_little_squares_6, minmay_crypt_entry_simple_walls,
          nicolae_vaults_what_the_h, hangedman_vaults_restitches,
          hangedman_vaults_trim, v_misc_23, ontoclasm_vaults_hangar, v_misc_25,
          ontoclasm_vaults_ring_square, ontoclasm_vaults_ring_square,
          nicolae_vaults_ring_of_whatevers, layout_vaults_omnicross,
          serial_shops, nicolae_shop_hallway_stairs, uniq_bai_suzhen
Vaults:3: ontoclasm_vaults_fault, ontoclasm_vaults_loading_screen,
          nicolae_vaults_little_squares_3, vaults_room_pools, v_misc_25,
          vaults_mumra_hexcomb, vaults_dpeg_hooks, layout_vaults_omnigrid,
          serial_shops, nicolae_shop_waterfront
Vaults:4: v_alt_pattern_2, nicolae_vaults_meeting, v_misc_11,
          nicolae_vaults_theta, vaults_dpeg_spiral,
          nicolae_vaults_network_periphery, v_misc_8,
          vaults_standard_mumra_enter_the_diamond,
          vaults_room_grunt_arrival_ludios, ontoclasm_vaults_chip,
          nicolae_vaults_little_squares_3, vaults_mumra_lcd,
          layout_vaults_omnibox
Vaults:5: serial_shops

Skill      XL: |  1  2  3  4  5  6  7  8  9 10 11 12 13 14 15 16 17 18 19 20 |
---------------+-------------------------------------------------------------+-----
Conjurations   | 5 6 7 11 15 | 15.1
Spellcasting   | 3 4 5 6 11 13 15 18 | 18.5
Fighting       | 5 8 9 10 | 10.0
Dodging        | 5 7 |  7.0
Hexes          | 6 |  6.6
Fire Magic     | 6 |  6.0
Ice Magic      | 5 6 11 15 | 15.0
Air Magic      | 4 5 |  5.0
Shields        | 2 12 14 | 14.0
Earth Magic    | 8 13 15 | 15.0
Transmutations | 7 11 13 | 13.0
Stealth        | |  1.7

Action                   |  1- 3 |  4- 6 |  7- 9 | 10-12 | 13-15 | 16-18 | 19-21 || total
-------------------------+-------+-------+-------+-------+-------+-------+-------++-------
Melee: Unarmed           |    60 |       |       |       |       |       |       ||    60
       Tailslap          |     5 |     2 |       |       |     1 |     4 |     6 ||    18
       Punch             |     1 |       |       |       |     1 |       |       ||     2
       Staff             |       |    12 |       |     1 |    17 |    20 |    19 ||    69
 Cast: Magic Dart        |    58 |   113 |   121 |    95 |   147 |    11 |     3 ||   548
       Searing Ray       |       |    12 |    60 |   134 |   235 |    95 |    12 ||   548
       Fulminant Prism   |       |       |     8 |    87 |    46 |    10 |    27 ||   178
       Freezing Cloud    |       |       |       |       |   207 |   266 |   100 ||   573
       Iskenderun's Myst |       |       |       |       |    44 |    58 |    36 ||   138
       Ozocubu's Refrige |       |       |       |       |    14 |    66 |   114 ||   194
       Orb of Destructio |       |       |       |       |    32 |   116 |    48 ||   196
Evoke: Wand              |       |       |       |       |    11 |       |     6 ||    17
  Use: Scroll            |       |     5 |     2 |     3 |    16 |     6 |     4 ||    36
       Potion            |       |     3 |       |       |     3 |       |     5 ||    11
Armor: Skin              |    28 |    22 |    53 |   139 |   205 |   105 |    34 ||   586
Dodge: Dodged            |    24 |    31 |    66 |   157 |   259 |   100 |    39 ||   676
Block: Kite shield       |       |       |       |       |     2 |   195 |   100 ||   297
